 Dungeon Sprint DCSS version 0.30-a0-1112-gfb780f5df6 (webtiles) character file.

Game seed: 13874049548811668727

4000000 sircluck the Merry Spriggan (level 22, -6/148 HPs)
             Began as a Spriggan Hunter on Apr 19, 2023.
             Engulfed by a cloud of flame (15 damage)
             ... in the Dungeon (Sprint VIII: "Arena of Blood").
             The game lasted 00:01:38 (40 turns).

sircluck the Merry Spriggan (Spriggan Hunter)         Turns: 40, Time: 00:01:39

Health: -6/148     AC:  3    Str:  9    XL:     22   Next: 19%
Magic:  20/44      EV: 50    Int: 12    God:
Gold:   0          SH:  0    Dex: 26    Spells: 55/55 levels left

rFire   . . .      SeeInvis +    j - +∞ Axe of Woe
rCold   . . .      Faith    .    (shield currently unavailable)
rNeg    . . .      Spirit   .    c - +0 robe
rPois   .          Reflect  .    (helmet restricted)
rElec   .          Rampage  .    (no cloak)
rCorr   .          NoTele   +    (gloves unavailable)
Will    +++..                    (boots unavailable)
Stlth   ++++++++++               (no amulet)
HPRegen 0.44/turn                (no ring)
MPRegen 0.29/turn                (no ring)

@: very quick
A: very small, no large weapons, unfitting armour, see invisible, speed 3
a: no special abilities


You were in the Dungeon.
You visited 1 branch

Inventory:

Hand Weapons
 a - a +0 shortbow
 j - the +∞ Axe of Woe (weapon)
   (You found it in the Dungeon)
Armour
 c - a +0 robe (worn)
Scrolls
 b - a scroll of immolation
 i - a scroll of blinking
Potions
 d - a potion of curing
 e - a potion of heal wounds
 f - a potion of haste
 g - 2 potions of magic
 h - a potion of berserk rage


   Skills:
 O Level 27 Fighting
 + Level 16.0(18.6) Short Blades
 + Level 12.5(14.6) Long Blades
 O Level 27 Axes
 + Level 11.5(20.8) Maces & Flails
 + Level 11.5(20.8) Polearms
 + Level 11.5(15.2) Staves
 O Level 27 Ranged Weapons
 + Level 14.7 Throwing
 + Level 11.5 Armour
 O Level 27 Dodging
 O Level 27 Stealth
 + Level 11.5 Shields
 + Level 12.5 Unarmed Combat
 + Level 17.3 Spellcasting
 + Level 11.5 Conjurations
 + Level 19.1 Hexes
 + Level 12.5 Summonings
 + Level 13.6 Necromancy
 + Level 20.2 Translocations
 + Level 18.7 Transmutations
 + Level 13.9 Fire Magic
 + Level 13.9 Ice Magic
 + Level 15.1 Air Magic
 + Level 15.1 Earth Magic
 + Level 16.3 Poison Magic
 + Level 16.3 Invocations
 + Level 20.7 Evocations


You had 55 spell levels left.
You didn't know any spells.
Your spell library was empty.

Dungeon Overview and Level Annotations

Branches:
Dungeon (1/1)

Altars:
Makhleb


Innate Abilities, Weirdness & Mutations

You are very small and have problems with some larger weapons.
You are too small for most types of armour.
You have supernaturally acute eyesight. (SInv)
You cover ground extremely quickly. (Speed+++)


Message History

You pulverise the large bag of meat into a thin bloody mist.
You hit the bag of meat but do no damage.
You dissect the bag of meat like a pig carcass.
You kill the bag of meat!
The large bag of meat explodes!
The fiery explosion engulfs the bag of meat!!!
The fiery explosion engulfs you!!
* * * LOW HITPOINT WARNING * * *
You are engulfed in blazing flames.
* * * LOW HITPOINT WARNING * * *
You hear a shout! x3
The eight-headed meat hydra calls on the powers of darkness!
The eight-headed meat hydra convulses!
The bag of meat convulses! x2
Your body is wracked with pain!
* * * LOW HITPOINT WARNING * * *
The bag of meat is engulfed in blazing flames.
You hear a shout! x3
The destroyer casts a spell at you.
The destroyer blinks!
You hear a shout! x2
Your base Short Blades skill increases to level 16!
Your Spellcasting skill increases to level 17!
Your Hexes skill increases to level 19!
Your Translocations skill increases to level 20!
Your Air Magic skill increases to level 15!
Your Earth Magic skill increases to level 15!
Your Poison Magic skill increases to level 16!
Your Invocations skill increases to level 16!
You have reached level 22!
Unknown command.
You hit the bag of meat.
You cleave the bag of meat in twain.
You kill the bag of meat!
You hit the bag of meat.
You hew the bag of meat savagely.
You kill the bag of meat!
You slash the bag of meat!
You pulverise the bag of meat into a thin bloody mist.
You kill the bag of meat!
You hit the meat berserker.
You fatally mangle the meat berserker.
You kill the meat berserker!
You are engulfed in blazing flames.
You die...

...#...... ...#........
###z..#.......
##.....O#O...........
#.........o.............
....#.V§§o.............
....§#§§§.....#.......#
......§@#))...#.......#
.....#))))).###.......##
#......))))......###....
##.......#.)......_.....
#....o#.))....#.....#..
..###§.........#_.<._# .
....#.......#.....#
......D#........_.....
...............###....


You could see an eight-headed meat hydra, a destroyer, a sculptor of flesh, 2
large bags of meat and 3 bags of meat.

Vanquished Creatures
  4 vampire knights (D)
  13 ogres (D)
  2 two-headed ogres (D)
  39 orcs (D)
  A skeletal warrior (D)
59 creatures vanquished.

Notes
Turn   | Place    | Note
-------+----------+-------------------------------------------
     0 | D        | Found the +∞ Axe of Woe
     0 | D        | sircluck the Spriggan Hunter began the quest for the Orb.
     0 | D        | Reached XP level 1. HP: 10/10 MP: 2/2
     2 | D        | Noticed a bag of meat
     6 | D        | Noticed a bag of meat
     7 | D        | Noticed a bag of meat
     8 | D        | Noticed a bag of meat
     9 | D        | Noticed a meat berserker
    10 | D        | Noticed a bag of meat
    11 | D        | Noticed a bag of meat
    11 | D        | Noticed a meat berserker
    12 | D        | Noticed a meat berserker
    12 | D        | Killed a bag of meat
    12 | D        | Noticed a bag of meat
    12 | D        | Noticed a meat berserker
    12 | D        | Noticed a meat berserker
    12 | D        | Noticed a bag of meat
    13 | D        | Reached XP level 2. HP: 19/19 MP: 3/3
    13 | D        | Reached XP level 3. HP: 23/23 MP: 4/4
    13 | D        | Reached XP level 4. HP: 28/28 MP: 5/5
    13 | D        | Reached XP level 5. HP: 32/32 MP: 6/6
    13 | D        | Reached XP level 6. HP: 36/36 MP: 7/7
    13 | D        | Reached XP level 7. HP: 40/40 MP: 8/8
    13 | D        | Reached XP level 8. HP: 44/44 MP: 9/9
    13 | D        | Reached XP level 9. HP: 48/48 MP: 10/10
    13 | D        | Reached XP level 10. HP: 53/53 MP: 11/11
    13 | D        | Killed a bag of meat
    13 | D        | Noticed a meat berserker
    13 | D        | Noticed a bag of meat
    13 | D        | Noticed a bag of meat
    13 | D        | Noticed a meat berserker
    13 | D        | Noticed a meat berserker
    14 | D        | Reached skill level 1 in Axes
    14 | D        | Reached XP level 11. HP: 58/58 MP: 12/12
    14 | D        | Killed a meat berserker
    14 | D        | Killed a meat berserker
    14 | D        | Killed a bag of meat
    14 | D        | Killed a meat berserker
    14 | D        | Noticed a bag of meat
    14 | D        | Noticed a bag of meat
    14 | D        | Noticed a bag of meat
    14 | D        | Noticed a bag of meat
    14 | D        | Noticed a bag of meat
    15 | D        | Reached skill level 15 in Fighting
    15 | D        | Reached skill level 27 in Ranged Weapons
    15 | D        | Reached XP level 12. HP: 77/77 MP: 13/13
    15 | D        | Reached XP level 13. HP: 81/81 MP: 14/14
    15 | D        | Reached XP level 14. HP: 86/86 MP: 15/15
    15 | D        | Noticed a bag of meat
    15 | D        | Killed a bag of meat
    15 | D        | Killed a bag of meat
    15 | D        | Noticed a bag of meat
    16 | D        | Reached XP level 15. HP: 93/93 MP: 16/16
    16 | D        | Noticed a meat berserker
    17 | D        | Noticed a meat berserker
    18 | D        | Killed a meat berserker
    18 | D        | Killed a meat berserker
    18 | D        | Noticed a destroyer
    19 | D        | Reached XP level 16. HP: 103/103 MP: 17/17
    19 | D        | Killed a meat berserker
    19 | D        | Noticed a destroyer
    20 | D        | Reached skill level 10 in Stealth
    21 | D        | Reached skill level 27 in Dodging
    21 | D        | Noticed a destroyer
    21 | D        | Killed a meat berserker
    22 | D        | Reached skill level 27 in Axes
    22 | D        | Reached XP level 17. HP: 119/119 MP: 18/18
    22 | D        | Killed a meat berserker
    22 | D        | Killed a destroyer
    22 | D        | Noticed a meat berserker
    23 | D        | Reached skill level 27 in Fighting
    23 | D        | Reached skill level 27 in Stealth
    23 | D        | Killed a meat berserker
    24 | D        | Reached skill level 5 in Short Blades
    24 | D        | Reached skill level 5 in Spellcasting
    24 | D        | Reached skill level 5 in Poison Magic
    24 | D        | Reached skill level 5 in Invocations
    24 | D        | Reached XP level 18. HP: 127/127 MP: 18/27
    24 | D        | Killed a destroyer
    24 | D        | Noticed a large bag of meat
    25 | D        | Reached skill level 5 in Long Blades
    25 | D        | Reached skill level 5 in Unarmed Combat
    25 | D        | Reached skill level 5 in Summonings
    25 | D        | Reached skill level 5 in Necromancy
    25 | D        | Reached skill level 5 in Fire Magic
    25 | D        | Reached skill level 5 in Ice Magic
    25 | D        | Killed a meat berserker
    26 | D        | Reached skill level 5 in Maces & Flails
    26 | D        | Reached skill level 5 in Polearms
    26 | D        | Reached skill level 5 in Staves
    26 | D        | Reached skill level 5 in Armour
    26 | D        | Reached skill level 5 in Shields
    26 | D        | Reached skill level 5 in Conjurations
    26 | D        | Reached skill level 10 in Translocations
    26 | D        | Reached skill level 10 in Evocations
    26 | D        | Reached XP level 19. HP: 132/132 MP: 18/32
    27 | D        | Noticed a large bag of meat
    28 | D        | Reached skill level 10 in Short Blades
    28 | D        | Reached skill level 10 in Spellcasting
    28 | D        | Reached skill level 10 in Poison Magic
    28 | D        | Reached skill level 10 in Invocations
    28 | D        | Killed a destroyer
    28 | D        | Noticed a meat berserker
    29 | D        | Reached skill level 10 in Throwing
    29 | D        | Reached skill level 10 in Air Magic
    29 | D        | Reached skill level 10 in Earth Magic
    29 | D        | Reached XP level 20. HP: 118/137 MP: 18/37
    31 | D        | Reached skill level 10 in Fire Magic
    31 | D        | Reached skill level 10 in Ice Magic
    31 | D        | Reached skill level 15 in Evocations
    32 | D        | Reached skill level 10 in Necromancy
    32 | D        | Reached skill level 15 in Translocations
    32 | D        | Killed a meat berserker
    33 | D        | Noticed a large bag of meat
    34 | D        | Reached skill level 10 in Long Blades
    34 | D        | Reached skill level 10 in Unarmed Combat
    34 | D        | Reached skill level 15 in Hexes
    34 | D        | Reached skill level 10 in Summonings
    34 | D        | Reached skill level 15 in Transmutations
    34 | D        | Noticed a destroyer
    34 | D        | Noticed a destroyer
    35 | D        | Reached XP level 21. HP: 104/142 MP: 19/40
    35 | D        | Killed a large bag of meat
    35 | D        | Noticed a large bag of meat
    36 | D        | Reached skill level 10 in Maces & Flails
    36 | D        | Reached skill level 10 in Polearms
    36 | D        | Reached skill level 10 in Staves
    36 | D        | Reached skill level 10 in Armour
    36 | D        | Reached skill level 10 in Shields
    36 | D        | Reached skill level 15 in Spellcasting
    36 | D        | Reached skill level 10 in Conjurations
    37 | D        | Reached skill level 15 in Poison Magic
    37 | D        | Reached skill level 15 in Invocations
    37 | D        | Killed a destroyer
    38 | D        | Reached skill level 15 in Short Blades
    39 | D        | Killed a large bag of meat
    40 | D        | Reached skill level 15 in Air Magic
    40 | D        | Reached skill level 15 in Earth Magic
    40 | D        | Reached XP level 22. HP: 9/148 MP: 20/44
    40 | D        | Engulfed by a cloud of flame

Illustrated notes

Levels and vault maps discovered:
D:        meatsprint

Skill      XL: |  1  2  3  4  5  6  7  8  9 10 11 12 13 14 15 16 17 18 19 20 21 |
---------------+----------------------------------------------------------------+-----
Fighting       | 6 7 15 16 19 25 27 | 27.0
Ranged Weapons | 23 26 27 | 27.0
Dodging        | 9 11 20 22 25 27 | 27.0
Stealth        | 4 6 9 13 27 | 27.0
Axes           | 1 18 19 23 27 | 27.0
Short Blades   | 5 8 11 13 16 | 16.0
Long Blades    | 3 6 8 10 12 | 12.5
Maces & Flails | 3 5 7 9 11 | 11.5
Polearms       | 3 5 7 9 11 | 11.5
Staves         | 3 5 7 9 11 | 11.5
Throwing       | 4 7 10 12 14 | 14.7
Armour         | 3 5 7 9 11 | 11.5
Shields        | 3 5 7 9 11 | 11.5
Unarmed Combat | 3 6 8 10 12 | 12.5
Spellcasting   | 5 8 12 14 17 | 17.3
Conjurations   | 3 5 7 9 11 | 11.5
Hexes          | 6 9 13 16 19 | 19.1
Summonings     | 3 6 8 10 12 | 12.5
Necromancy     | 4 6 9 11 13 | 13.6
Translocations | 6 10 14 17 20 | 20.2
Transmutations | 6 9 13 15 18 | 18.7
Fire Magic     | 4 6 9 11 13 | 13.9
Ice Magic      | 4 6 9 11 13 | 13.9
Air Magic      | 4 7 10 12 15 | 15.1
Earth Magic    | 4 7 10 12 15 | 15.1
Poison Magic   | 5 8 11 13 16 | 16.3
Invocations    | 5 8 11 13 16 | 16.3
Evocations     | 7 10 14 17 20 | 20.7

Action                     |  1- 3 |  4- 6 |  7- 9 | 10-12 | 13-15 | 16-18 | 19-21 | 22-24 || total
---------------------------+-------+-------+-------+-------+-------+-------+-------+-------++-------
  Melee: Broad axe         |     1 |       |       |     2 |     2 |     7 |    11 |     1 ||    24

Table legend: (Time is in decaauts)
 A = Elapsed time spent in this place.
 B = Non-inter-level travel time spent in this place.
 C = Inter-level travel time spent in this place.
 D = Time resting spent in this place.
 E = Time spent auto-exploring this place.
 F = Levels seen in this place.
 G = Mean time per level.
                   A        B        C        D        E       F      G
               +--------+--------+--------+--------+--------+-----+--------+
         Total |     29 |     29 |      0 |      0 |      0 |   1 |   29.0 |
       Dungeon |     29 |     29 |      0 |      0 |      0 |   1 |   29.0 |
               +--------+--------+--------+--------+--------+-----+--------+

Top non-repeatable levels by time:
       D: 29 daAuts
